 Dungeon Crawl Stone Soup version 0.28-a0-1199-gef9e1dbd39 (webtiles) character file.

Game seed: 12572829716740110948

763 Gargoyl the Skirmisher (level 7, -1/60 HPs)
             Began as a Gnoll Abyssal Knight on Dec 19, 2021.
             Was a Priest of Lugonu.
             Asphyxiated
             ... on level 4 of the Dungeon.
             The game lasted 00:04:38 (5124 turns).

Gargoyl the Skirmisher (Gnoll Abyssal Knight)       Turns: 5124, Time: 00:04:38

Health: -1/60      AC:  8    Str: 14    XL:     7   Next: 81%
Magic:  11/11      EV: 12    Int: 16    God:    Lugonu [***...]
Gold:   188        SH:  0    Dex: 17    Spells: 11/11 levels left

rFire   . . .      SeeInvis .   c - +5 glaive "Noach" {vorpal, Will- Dex+5}
rCold   . . .      Faith    .   (shield currently unavailable)
rNeg    . . .      Spirit   .   g - +0 ring mail
rPois   .          Reflect  .   (no helmet)
rElec   .          Harm     .   (no cloak)
rCorr   .          Rampage  .   (no gloves)
Will    .....                   i - +1 pair of boots
Stlth   ++........              (no amulet)
HPRegen 0.20/turn               q - +6 ring of intelligence
MPRegen 0.12/turn               (no ring)

@: lethally poisoned (-1 -> -36), slowed, very slow
A: fangs 1, strong nose, distributed training
a: Renounce Religion, Depart the Abyss, Bend Space, Banish


You were on level 4 of the Dungeon.
You worshipped Lugonu.
Lugonu was most pleased with you.
You visited 1 branch of the dungeon, and saw 4 of its levels.
You visited the Abyss 1 time.

You collected 188 gold pieces.

Inventory:

Hand Weapons
 a - a +1 hand axe
 c - the +5 glaive "Noach" (weapon) {vorpal, Will- Dex+5}
   (You found it on level 3 of the Abyss)

   It inflicts extra damage upon your enemies.
   Dex:       It affects your dexterity (+5).
   Will:      It decreases your willpower.
Missiles
 t - 24 poisoned darts
Armour
 g - a +0 ring mail (worn)
 i - a +1 pair of boots (worn)
Jewellery
 q - a +6 ring of intelligence (left hand)
Scrolls
 b - 4 scrolls of magic mapping {unknown}
 d - a scroll of amnesia {unknown}
 e - 2 scrolls of enchant armour {unknown}
 h - 4 scrolls of teleportation {unknown}
 j - 3 scrolls of immolation {unknown}
 k - 2 scrolls of identify {unknown}
 l - 2 scrolls of fear {unknown}
 p - a scroll of enchant weapon {unknown}
 s - a scroll of vulnerability {unknown}
Potions
 f - 3 potions of lignification {unknown}
 m - a potion of heal wounds {unknown}
 n - 4 potions of curing {unknown}
 o - a potion of ambrosia {unknown}
 r - a potion of brilliance {unknown}


   Skills:
 + Level 7.1 Fighting
 + Level 2.7 Short Blades
 + Level 2.7 Long Blades
 + Level 5.3 Axes
 + Level 2.7 Maces & Flails
 + Level 2.7 Polearms
 + Level 2.7 Staves
 + Level 2.7 Slings
 + Level 2.7 Bows
 + Level 2.7 Crossbows
 + Level 2.7 Throwing
 + Level 5.3 Armour
 + Level 3.8 Dodging
 + Level 2.7 Stealth
 + Level 2.7 Shields
 + Level 2.7 Unarmed Combat
 + Level 2.7 Spellcasting
 + Level 2.2 Conjurations
 + Level 2.2 Hexes
 + Level 2.2 Summonings
 + Level 2.2 Necromancy
 + Level 2.2 Translocations
 + Level 2.2 Transmutations
 + Level 2.2 Fire Magic
 + Level 2.2 Ice Magic
 + Level 2.2 Air Magic
 + Level 2.2 Earth Magic
 + Level 2.2 Poison Magic
 + Level 5.5 Invocations
 + Level 2.7 Evocations


You had 11 spell levels left.
You didn't know any spells.
Your spell library contained the following spells:

 Spells                   Type           Power      Damage    Failure   Level
 Summon Small Mammal      Summ           36%        N/A       16%         1
 Call Canine Familiar     Summ           9%         N/A       41%         3
 Summon Guardian Golem    Hex/Summ       9%         N/A       41%         3


Dungeon Overview and Level Annotations

Branches:
Dungeon (4/15)
 Temple: D:4-7

Altars:
Hepliaklqana
Sif Muna
Uskayaw
Yredelemnul

Shops:
D:2 (   D:3 :


Innate Abilities, Weirdness & Mutations

You have very sharp teeth.
Your uncanny sense of smell can sniff out nearby items.
Your experience applies equally to all skills.


Message History

You closely miss the kobold. You bite the kobold, but do no damage.
The kobold hits you but does no damage.
Unknown command.
You barely miss the kobold.
A kobold brigand comes into view.
It is wielding a +1 dagger of speed and quivering curare-tipped darts.
The kobold misses you.
Unknown command.
The kobold hits you but does no damage.
The kobold brigand shouts!
The kobold shouts!
You slash the kobold brigand!
The kobold brigand is heavily wounded.
The kobold brigand hits you but does no damage.
The kobold completely misses you. The kobold hits you but does no damage.
The kobold brigand closely misses you. The kobold hits you with a +0 dagger.
Unknown command.
You slash the kobold brigand!
You kill the kobold brigand!
Lugonu accepts your kill.
The kobold brigand throws a curare-tipped dart.
The curare-tipped dart hits you.
You are poisoned.
You have difficulty breathing.
You feel yourself slow down. The kobold barely misses you.
The kobold misses you.
The kobold brigand throws a curare-tipped dart.
The curare-tipped dart hits you.
You are lethally poisoned!
You have difficulty breathing.
* * * LOW HITPOINT WARNING * * *
You feel as though you will be slow longer.
You slash the kobold!
You kill the kobold!
Lugonu accepts your kill.
* * * LOW HITPOINT WARNING * * *
You feel extremely sick. The kobold hits you but does no damage.
The kobold closely misses you.
The kobold brigand throws a curare-tipped dart.
The curare-tipped dart hits you.
You are more poisoned.
You have difficulty breathing.
You die...

........#####≈≈≈# ##.#..#.#
..............≈≈#..##.#.##.#
#.......#####.#≈#..##.#....#
#.......###....≈#..##.######
#.†.........#####..#≈....#
########....# #.K##≈###.#
#........# ##..#≈≈# #.#
#........# #K)##≈≈###.### #
#........# #.@#≈≈≈≈.....## #
#........# #K)#≈≈≈≈.#..<.#
####.......##
#..#≈≈≈≈.###..# #..'.......#
#.)##≈≈#.# #..# #.##....#..#
##..#≈≈#.# #..#
#..........## #..#≈##.# #..#
##.####.....# #..####.###..#
...# #...>.# ##..# #.#....#
##.# #.....# #.).# #.#....#


You could see a kobold brigand and 2 kobolds.

Vanquished Creatures
  An ogre (D:3)
  A black bear (D:4)
  A phantom (D:4)
  A kobold brigand (D:4)
  A hound (D:4)
  A gnoll shaman (D:4)
  An orc priest (D:4)
  A jelly (D:4)
  An iguana (D:4)
  2 scorpion zombies (D:4)
  2 orc wizards (D:3)
  4 gnolls (D:4)
  6 adders
  An ufetubus (D:3)
  An adder skeleton (D:4)
  A worm (D:4)
  3 dart slugs (D:3)
  13 orcs
  An endoplasm (D:1)
  2 giant cockroaches
  6 goblins
  6 hobgoblins
  5 jackals
  12 kobolds
  2 quokkas
  10 ball pythons
  8 bats
  5 frilled lizards
  2 quokka zombies (D:4)
  5 rats
106 creatures vanquished.

Notes
Turn   | Place    | Note
-------+----------+-------------------------------------------
     0 | Abyss:1  | Gargoyl the Gnoll Abyssal Knight began the quest for the
                  | Orb.
     0 | Abyss:1  | Reached XP level 1. HP: 23/23 MP: 3/3
    36 | Abyss:2  | Noticed a kobold demonologist
    36 | Abyss:2  | Noticed a kobold demonologist
    36 | Abyss:2  | Noticed a kobold demonologist
    39 | Abyss:2  | Noticed a quasit
    44 | Abyss:2  | Noticed an iron imp
    44 | Abyss:2  | Noticed a quasit
    45 | Abyss:2  | Noticed a smoke demon
    56 | Abyss:3  | Identified the +5 glaive "Noach" {vorpal, Will- Dex+5}
    64 | D:1      | Escaped the Abyss
   413 | D:1      | Reached * piety under Lugonu
   417 | D:1      | Reached XP level 2. HP: 26/29 MP: 5/5
  1335 | D:2      | Reached XP level 3. HP: 27/35 MP: 6/6
  1491 | D:2      | Found Dexesouth's Weapon Emporium.
  1622 | D:2      | Found a shimmering blue altar of Sif Muna.
  2616 | D:3      | Noticed an ogre
  2635 | D:3      | Reached skill level 1 in Short Blades
  2635 | D:3      | Reached skill level 1 in Long Blades
  2635 | D:3      | Reached skill level 1 in Maces & Flails
  2635 | D:3      | Reached skill level 1 in Polearms
  2635 | D:3      | Reached skill level 1 in Staves
  2635 | D:3      | Reached skill level 1 in Slings
  2635 | D:3      | Reached skill level 1 in Bows
  2635 | D:3      | Reached skill level 1 in Crossbows
  2635 | D:3      | Reached skill level 1 in Throwing
  2635 | D:3      | Reached skill level 1 in Stealth
  2635 | D:3      | Reached skill level 1 in Shields
  2635 | D:3      | Reached skill level 1 in Unarmed Combat
  2635 | D:3      | Reached skill level 1 in Spellcasting
  2635 | D:3      | Reached skill level 1 in Evocations
  2639 | D:3      | Killed an ogre
  2640 | D:3      | Reached skill level 1 in Conjurations
  2640 | D:3      | Reached skill level 1 in Hexes
  2640 | D:3      | Reached skill level 1 in Summonings
  2640 | D:3      | Reached skill level 1 in Necromancy
  2640 | D:3      | Reached skill level 1 in Translocations
  2640 | D:3      | Reached skill level 1 in Transmutations
  2640 | D:3      | Reached skill level 1 in Fire Magic
  2640 | D:3      | Reached skill level 1 in Ice Magic
  2640 | D:3      | Reached skill level 1 in Air Magic
  2640 | D:3      | Reached skill level 1 in Earth Magic
  2640 | D:3      | Reached skill level 1 in Poison Magic
  2640 | D:3      | Reached XP level 4. HP: 29/41 MP: 7/7
  2640 | D:3      | Reached XP level 5. HP: 33/47 MP: 8/8
  2918 | D:3      | Reached ** piety under Lugonu
  2968 | D:3      | Found a hazy altar of Hepliaklqana.
  2996 | D:3      | Found a hide-covered altar of Uskayaw.
  3010 | D:3      | Reached skill level 5 in Invocations
  3059 | D:3      | Found Mitem's Book Emporium.
  3140 | D:3      | Reached XP level 6. HP: 53/53 MP: 9/9
  3220 | D:3      | Found a faded altar of an unknown god.
  3791 | D:4      | Noticed a black bear
  3796 | D:4      | Killed a black bear
  3797 | D:4      | Reached skill level 5 in Axes
  3797 | D:4      | Reached skill level 5 in Armour
  4318 | D:4      | Reached skill level 7 in Fighting
  4318 | D:4      | Reached XP level 7. HP: 31/60 MP: 10/10
  4873 | D:4      | Found a basalt altar of Yredelemnul.
  5114 | D:4      | Reached *** piety under Lugonu
  5124 | D:4      | HP: 3/60 [poisoned by a kobold brigand (curare-tipped
                  | dart)]
  5124 | D:4      | Asphyxiated

Illustrated notes

Levels and vault maps discovered:
D:1:      wheals_arrival_linesprint, layout_basic, minmay_pentomino_z2
D:2:      layout_basic, basic_altar, serial_shops, nicolae_shop_behind_doors,
          kennysheep_generic_room_8
D:3:      layout_basic, mainiacjoe_overflow_large_starburst, serial_shops, shop,
          ebering_ecumenical_altar_mist, st_stairs_13, minmay_misc_feat_rows,
          minmay_divided_ellipse
D:4:      cheibrodos_thug_alley, layout_basic, nicolae_yredelemnul_corpse_copse

Skill      XL: |  1  2  3  4  5  6  7 |
---------------+----------------------+-----
Short Blades   | 1 2 |  2.7
Long Blades    | 1 2 |  2.7
Maces & Flails | 1 2 |  2.7
Polearms       | 1 2 |  2.7
Staves         | 1 2 |  2.7
Slings         | 1 2 |  2.7
Bows           | 1 2 |  2.7
Crossbows      | 1 2 |  2.7
Throwing       | 1 2 |  2.7
Stealth        | 1 2 |  2.7
Shields        | 1 2 |  2.7
Unarmed Combat | 1 2 |  2.7
Spellcasting   | 1 2 |  2.7
Evocations     | 1 2 |  2.7
Conjurations   | 1 2 |  2.2
Hexes          | 1 2 |  2.2
Summonings     | 1 2 |  2.2
Necromancy     | 1 2 |  2.2
Translocations | 1 2 |  2.2
Transmutations | 1 2 |  2.2
Fire Magic     | 1 2 |  2.2
Ice Magic      | 1 2 |  2.2
Air Magic      | 1 2 |  2.2
Earth Magic    | 1 2 |  2.2
Poison Magic   | 1 2 |  2.2
Dodging        | 3 |  3.8
Invocations    | 5 |  5.5
Axes           | 5 |  5.3
Armour         | 5 |  5.3
Fighting       | 7 |  7.1

Action                   |  1- 3 |  4- 6 |  7- 9 || total
-------------------------+-------+-------+-------++-------
Melee: Glaive            |    71 |    95 |    60 ||   226
       Bite              |     9 |     4 |     5 ||    18
Invok: Depart the Abyss  |     1 |       |       ||     1
Armor: Leather armour    |    12 |       |       ||    12
       Ring mail         |    34 |    62 |    40 ||   136
Dodge: Dodged            |    96 |    79 |    68 ||   243

Table legend: (Time is in decaauts)
 A = Elapsed time spent in this place.
 B = Non-inter-level travel time spent in this place.
 C = Inter-level travel time spent in this place.
 D = Time resting spent in this place.
 E = Time spent auto-exploring this place.
 F = Levels seen in this place.
 G = Mean time per level.
                   A        B        C        D        E       F      G
               +--------+--------+--------+--------+--------+-----+--------+
         Total |   5270 |   5136 |    134 |      0 |   4207 |   7 |  752.9 |
       Dungeon |   5206 |   5072 |    134 |      0 |   4177 |   4 | 1301.5 |
         Abyss |     63 |     63 |      0 |      0 |     30 |   3 |   21.0 |
               +--------+--------+--------+--------+--------+-----+--------+

Top non-repeatable levels by time:
     D:4: 1506 daAuts
     D:1: 1291 daAuts
     D:3: 1259 daAuts
     D:2: 1149 daAuts
 Abyss:1: 32 daAuts
 Abyss:3: 18 daAuts
 Abyss:2: 12 daAuts
